 Dungeon Crawl Stone Soup version 0.15.0-27-gbdb0435 (webtiles) character file.

53 DrPain the Sneak (level 3, -1/18 HPs)
             Began as a Spriggan Assassin on Sept 12, 2014.
             Killed from afar by Terence (11 damage)
             ... with a wand of flame
             ... on Level 2 of the Dungeon.
             The game lasted 00:04:22 (1494 turns).

DrPain the Sneak (Spriggan Assassin)                Turns: 1494, Time: 00:04:22

HP  -1/18        AC  3     Str  7      XL: 3   Next: 64%
MP   6/6         EV 20     Int 12      God:
Gold 86          SH  0     Dex 18      Spells:  0 memorised,  2 levels left

rFire  . . .     SeeInvis +     f - +0 blowgun
rCold  . . .     Clarity  .     c - +0 robe
rNeg   . . .     rCorr    .     (shield restricted)
rPois  .         rRot     .     (helmet restricted)
rElec  .         Spirit   .     d - +0 cloak
SustAb .         Warding  .     (gloves unavailable)
rMut   .         Stasis   .     (boots unavailable)
Gourm  .                        (no amulet)
MR     .....                    (no ring)
                                (no ring)

@: very quick, not resistant to hostile enchantments, stealthy
A: unfitting armour, see invisible, herbivore 3, speed 3, slow metabolism 2
a: no special abilities


You were on level 2 of the Dungeon.
You were not hungry.

You visited 1 branch of the dungeon, and saw 2 of its levels.

You collected 86 gold pieces.

Inventory:

Hand weapons
 f - a +0 blowgun (weapon)
 w - a +2 dagger
Missiles
 b - 2 curare-tipped needles
 e - 15 poisoned needles (quivered)
Armour
 c - a +0 robe (worn)
 d - a +0 cloak (worn)
Scrolls
 a - 2 scrolls of amnesia {unknown}
 h - 2 scrolls of remove curse {unknown}
 i - a scroll of enchant armour {unknown}
 j - 2 scrolls of identify {unknown}
Potions
 g - a potion of porridge
 k - a potion of resistance {unknown}


   Skills:
 - Level 1.5 Fighting
 - Level 2.1 Short Blades
 - Level 2.1 Throwing
 - Level 4.1 Dodging
 + Level 6.8 Stealth


You had 2 spell levels left.
You didn't know any spells.

Dungeon Overview and Level Annotations

Branches:
Dungeon (2/15)

Altars:
Yredelemnul
The Shining One

Annotations:
D:2 Terence


Innate Abilities, Weirdness & Mutations

You are tiny and cannot use many weapons and most armour.
You have supernaturally acute eyesight.
You are a herbivore.
You cover ground extremely quickly.
You need consume almost no food.


Message History

Press: ? - help, Shift-Dir - straight line, f/p - Terence
Aim: Terence, wielding a short sword and wearing a ring mail (lightly wounded, poisoned)
You shoot a poisoned needle. The poisoned needle hits Terence!
Terence looks even sicker.
Terence is lightly wounded.
Terence zaps a wand.
The puff of flame hits you!
Firing (i - inventory. (,) - cycle):
e - 17 poisoned needles (quivered)
Press: ? - help, Shift-Dir - straight line, f/p - Terence
Aim: Terence, wielding a short sword, wearing a ring mail and carrying a wand of flame {zapped: 1} (lightly wounded, poisoned)
You shoot a poisoned needle. The poisoned needle hits Terence!
Terence is lightly wounded.
Firing (i - inventory. (,) - cycle):
e - 16 poisoned needles (quivered)
Press: ? - help, Shift-Dir - straight line, f/p - Terence
Aim: Terence, wielding a short sword, wearing a ring mail and carrying a wand of flame {zapped: 1} (heavily wounded, poisoned)
You shoot a poisoned needle.
The poisoned needle closely misses Terence.
Terence zaps a wand.
The puff of flame misses you.
Terence zaps a wand.
The puff of flame hits you!
Ouch! That really hurt!
You die...

#........##.#.# # ##
#........##.#.#.. ...#
##.(.....##.....≈
.....####.............^#
......#...%#.%.###......
.................#.##..#
%...............#.#.#
.≈≈
(..@..((........#.#.#
...
<(....#.@.......#...#
#§§ .... ##...........>#
§# .. #.#.....)...)#
#.#..........#
..............
..............
##..(.......# .> ..... .


You could see Terence.

Vanquished Creatures
  An adder (D:2)
  A worm (D:2)
  A giant gecko (D:1)
  An ooze (D:1)
  7 hobgoblins
  3 jackals (D:1)
  A ball python (D:1)
  7 bats
  6 goblins
  6 kobolds
  5 rats
39 creatures vanquished.

Vanquished Creatures (others)
  An adder (D:2)
1 creature vanquished.

Grand Total: 40 creatures vanquished

Notes
Turn   | Place    | Note
--------------------------------------------------------------
     0 | D:1      | DrPain, the Spriggan Assassin, began the quest for the Orb.
     0 | D:1      | Reached XP level 1. HP: 10/10 MP: 2/2
    35 | D:1      | Reached skill level 6 in Stealth
   213 | D:1      | Reached XP level 2. HP: 14/14 MP: 4/4
   902 | D:1      | Reached XP level 3. HP: 18/18 MP: 6/6
  1310 | D:2      | Found a glowing golden altar of the Shining One.
  1311 | D:2      | Noticed an angel
  1316 | D:2      | Found a basalt altar of Yredelemnul.
  1317 | D:2      | Noticed a profane servitor
  1487 | D:2      | Noticed Terence
  1494 | D:2      | Killed from afar by Terence

Action                   || total
-------------------------++-------
Melee: Dagger            ||   115
 Fire: Blowgun           ||    11
 Stab: Sleeping          ||     6
